 Dungeon Crawl Stone Soup version 0.17.1-1-g73c8601 (webtiles) character file.

258 MirrMurr the Covert (level 5, 0/24 HPs)
             Began as a Spriggan Enchanter on Dec 28, 2015.
             Slain by an iguana (13 damage)
             ... on level 4 of the Dungeon.
             The game lasted 00:06:02 (3270 turns).

MirrMurr the Covert (Spriggan Enchanter)            Turns: 3270, Time: 00:06:02

Health: 0/24       AC:  4    Str:  4    XL:     5   Next: 94%
Magic:  11/12      EV: 18    Int: 17    God:
Gold:   239        SH:  0    Dex: 17    Spells: 4 memorised, 3 levels left

rFire  . . .     SeeInvis +     a - +1 dagger
rCold  . . .     Clarity  .     b - +2 robe
rNeg   . . .     SustAt   .     (shield restricted)
rPois  .         Gourm    .     (helmet restricted)
rElec  .         Spirit   .     (no cloak)
rCorr  .         Warding  .     (gloves unavailable)
rMut   .         Stasis   .     (boots unavailable)
MR     .....                    (no amulet)
Stlth  +++++.....               (no ring)
                                (no ring)

@: very quick, not resistant to hostile enchantments, quite stealthy
A: unfitting armour, see invisible, herbivore 3, speed 3, slow metabolism 2
a: no special abilities


You were on level 4 of the Dungeon.
You were full.

You visited 1 branch of the dungeon, and saw 4 of its levels.

You collected 239 gold pieces.

Inventory:

Hand Weapons
 a - a +1 dagger (weapon)
 g - a cursed -2 dagger
Missiles
 i - 118 stones
 l - 10 poisoned needles
 u - 5 tomahawks (quivered)
Armour
 b - a +2 robe (worn)
Jewellery
 n - an uncursed amulet of guardian spirit {unknown}
Scrolls
 f - 3 scrolls of remove curse
 j - a scroll of amnesia
 q - a scroll of enchant armour
 s - a scroll of teleportation
Potions
 e - a potion of agility
 h - 3 potions of curing
 k - a potion of heal wounds
 m - a potion of berserk rage
 p - a potion of invisibility {unknown}
 t - a potion of resistance {unknown}
Books
 c - a book of Maledictions

   Spells                             Type                      Level
   a - Corona                         Hexes                        1
   b - Ensorcelled Hibernation        Hexes/Ice                    2
   c - Confuse                        Hexes                        3
   d - Tukima's Dance                 Hexes                        3
   e - Dazzling Spray                 Conjuration/Hexes            3
Comestibles
 d - 2 bread rations
 o - a fruit
 r - a slice of pizza


   Skills:
 - Level 1.1 Short Blades
 - Level 3.0 Dodging
 * Level 9.5 Stealth
 + Level 4.0 Spellcasting
 - Level 3.6 Hexes


You had 3 spell levels left.
You knew the following spells:

 Your Spells              Type           Power        Failure   Level  Hunger
a - Ensorcelled Hibernat  Hex/Ice        #.....       14%         2    ##.....
b - Confuse               Hex            ###.....     12%         3    ###....
c - Corona                Hex            ###....      3%          1    None
d - Dazzling Spray        Conj/Hex       #.......     24%         3    ###....


Dungeon Overview and Level Annotations

Branches:
Dungeon (4/15)
 Temple: D:4-7

Altars:
Yredelemnul


Innate Abilities, Weirdness & Mutations

You are tiny and cannot use many weapons and most armour.
You have supernaturally acute eyesight.
You are a herbivore.
You cover ground extremely quickly.
You need consume almost no food.


Message History

You barely miss the iguana.
The iguana is moderately wounded.
The iguana bites you.
You hit the iguana.
The iguana is heavily wounded.
The iguana bites you but does no damage.
You hit the iguana but do no damage.
The iguana is heavily wounded.
The iguana completely misses you.
You closely miss the iguana.
The iguana is heavily wounded.
The iguana misses you.
You hit the iguana but do no damage.
The iguana is heavily wounded.
The iguana closely misses you.
You hit the iguana.
The iguana is severely wounded.
The iguana bites you!
Ouch! That really hurt!
You die...

....... .........
......... .......?
...... # #...#
#..####...# #
#..l@....####..
######.......#
##....### #....# ..
#...># ... #.#
#....####### ..#
#.## ##..........##
..#
#..###..##...####.#
#.#
##....###########.#


You could see an iguana.

Vanquished Creatures
  An ogre (D:3)
  An iguana (D:4)
  An orc wizard (D:4)
  A worker ant (D:4)
  4 adders
  2 oozes (D:1)
  A worm (D:2)
  2 giant geckos (D:2)
  3 orcs
  8 bats
  5 hobgoblins
  7 jackals
  8 kobolds
  A ball python (D:3)
  2 giant newts
  2 gnoll zombies (D:2)
  5 goblins
  5 rats
59 creatures vanquished.

Notes
Turn   | Place    | Note
--------------------------------------------------------------
     0 | D:1      | MirrMurr the Spriggan Enchanter began the quest for the Orb.
     0 | D:1      | Reached XP level 1. HP: 9/9 MP: 5/5
    29 | D:1      | Reached skill level 5 in Stealth
    82 | D:1      | Reached XP level 2. HP: 13/13 MP: 6/6
   122 | D:1      | Learned a level 2 spell: Ensorcelled Hibernation
   221 | D:1      | Reached skill level 6 in Stealth
   540 | D:1      | Reached XP level 3. HP: 13/16 MP: 8/8
   552 | D:1      | Learned a level 3 spell: Confuse
   810 | D:2      | Found a basalt altar of Yredelemnul.
  1656 | D:2      | Reached skill level 7 in Stealth
  1852 | D:2      | Reached XP level 4. HP: 21/21 MP: 9/9
  1857 | D:2      | Learned a level 3 spell: Dazzling Spray
  2227 | D:3      | Noticed an ogre
  2234 | D:3      | Killed an ogre
  2234 | D:3      | Reached skill level 8 in Stealth
  2234 | D:3      | Reached XP level 5. HP: 24/24 MP: 9/11
  2931 | D:4      | Reached skill level 9 in Stealth
  3270 | D:4      | Slain by an iguana

Action                   |  1- 3 |  4- 6 || total
-------------------------+-------+-------++-------
Melee: Dagger            |   151 |    64 ||   215
 Cast: Ensorcelled Hiber |     6 |    11 ||    17
       Confuse           |     2 |       ||     2
  Use: Scroll            |     6 |     4 ||    10
 Stab: Sleeping          |    16 |    16 ||    32
  Eat: Bread ration      |       |     1 ||     1
